 Dungeon Crawl Stone Soup version 0.31-a0-968-g24f9ace8b5 (webtiles) character file.

Game seed: 17544489945277893999

387 Dirtsage the Insei (level 6, -5/38 HPs)
             Began as an Octopode Shapeshifter on Oct 27, 2023.
             Splashed by a jelly's acid (7 damage)
             ... on level 4 of the Dungeon.
             The game lasted 00:05:17 (3329 turns).

Dirtsage the Insei (Octopode Shapeshifter)          Turns: 3329, Time: 00:05:17

Health: -5/38      AC: -11   Str: 13    XL:     6   Next: 78%
Magic:  6/6        EV: 13    Int: 13    God:
Gold:   128        SH:  0    Dex: 13    Spells: 5/5 levels left

rFire   . .          .
                       - Unarmed
rCold   . . .        (no shield)
rNeg    . . .        (helmet currently unavailable)
rPois   .            (no amulet)
rElec   .            (no ring)
rCorr   .            (no ring)
SInv    .            (no ring)
Will    .....        (no ring)
Stlth   ++           (no ring)
HPRegen 0.26/turn    (no ring)
MPRegen 0.10/turn    (no ring)
                     (no ring)

%: no passive effects
@: beast-form, corroded
A: beast (slay +2), almost no armour, amphibious, 8 rings, camouflage 1,
gelatinous body 1, (nimble swimmer 1), tentacles
a: Begin Untransformation


You were on level 4 of the Dungeon.
You were a hulking beast.
You visited 1 branch of the dungeon, and saw 4 of its levels.

You collected 128 gold pieces.

Inventory:

Armour
 e - a +0 buckler
Talismans
 b - a beast talisman
 c - a flux talisman
Scrolls
 f - 2 scrolls of noise {unknown}
 g - 2 scrolls of fear {unknown}
 i - a scroll of poison {unknown}
 j - a scroll of identify {unknown}
 k - a scroll of silence {unknown}
Potions
 a - 5 potions of lignification
 d - a potion of enlightenment {unknown}
 h - a potion of degeneration {unknown}


   Skills:
 - Level 1.0 Fighting
 - Level 2.0 Dodging
 + Level 5.9 Unarmed Combat
 + Level 5.0 Shapeshifting


You had 5 spell levels left.
You didn't know any spells.
Your spell library contained the following spells:

 Spells                   Type           Power      Damage    Failure   Level
 Shock                    Conj/Air       0%         1d3       30%         1
 Ozocubu's Armour         Ice            0%         N/A       67%         3
 Swiftness                Air            0%         N/A       67%         3
 Airstrike                Air            0%         2d(0-16)  97%         4
 Metabolic Englaciation   Hex/Ice        0%         N/A       100%        5
 Simulacrum               Ice/Necr       0%         N/A       100%        6
 Ozocubu's Refrigeration  Ice            0%         4d7       100%        7


Dungeon Overview and Level Annotations

Branches:
Dungeon (4/15)
 Temple: D:4-7

Altars:
Elyvilon
Kikubaaqudgha
Makhleb

Annotations:
D:3 3 runed translucent doors, DEFE's ghost, weakling DsFi; Dirtsage's ghost, amateur OpSh


Innate Abilities, Weirdness & Mutations

You are a hulking beast.
Your limbs bulge with bestial killing power. (Slay +2)
You cannot wear most types of armour.
You are amphibious.
You can wear up to eight rings at the same time.
Your skin changes colour to match your surroundings (Stealth+).
Your rubbery body absorbs attacks. (AC +1, EV +1)
((You are camouflaged when in or above water. (Stealth+)))
You have tentacles for arms and can constrict up to eight enemies at once.


Message History

There is a stone staircase leading up here.
A hound is nearby!
The hound bites you.
You take 1 damage, and have 37/38 hp.
You tentacle-slap the hound. Your grab misses the hound. You squeeze the hound!
You kill the hound!
Your Shapeshifting skill increases to level 5!
Health restored: 38 No target in view!
You see here a hound corpse.
A goblin comes into view. It is wielding a +0 dagger.
A jelly comes into view.
The goblin hits you with a +0 dagger.
You take 2 damage, and have 36/38 hp.
You miss the goblin. Your grab misses the goblin. The goblin barely misses you.
You barely miss the goblin. Your grab misses the goblin.
Your squeeze misses the goblin. The goblin closely misses you.
You tentacle-slap the jelly. The acid corrodes you!
Your tentacles burn!
You squeeze the jelly.
The jelly is moderately wounded.
The goblin hits you with a +0 dagger. The jelly hits you.
The acid corrodes you!
You are splashed with acid.
You take 13 damage, and have 24/38 hp.
MASSIVE DAMAGE!!
You tentacle-slap the jelly.
Your tentacles burn!
The jelly is heavily wounded.
The goblin hits you with a +0 dagger. The jelly hits you.
The acid corrodes you!
You are splashed with acid!
* * * LOW HITPOINT WARNING * * *
You take 19 damage, and have 5/38 hp.
MASSIVE DAMAGE!!
You tentacle-slap the jelly but do no damage.
Your tentacles burn!
* * * LOW HITPOINT WARNING * * *
Your squeeze misses the jelly.
The jelly is heavily wounded.
The goblin hits you with a +0 dagger.
* * * LOW HITPOINT WARNING * * *
The jelly hits you.
* * * LOW HITPOINT WARNING * * *
You are splashed with acid!
You die...

## #.. #..###
#.....
##.....######
.......#..<.#
#....g#†...#
#....Jh....#
............#
.#.###......#
...######
.### .. #


You could see a jelly and a goblin.

Vanquished Creatures
  Grinder (D:3)
  An orc priest (D:3)
  A hound (D:4)
  4 gnolls
  An adder (D:3)
  A worm (D:2)
  4 orcs (D:3)
  9 endoplasms
  5 giant cockroaches
  8 goblins
  8 hobgoblins
  4 jackals (D:2)
  5 quokkas
  5 ball pythons
  5 bats
  2 frilled lizards (D:1)
  8 kobolds
  14 rats
86 creatures vanquished.

Notes
Turn   | Place    | Note
-------+----------+-------------------------------------------
     0 | D:1      | Dirtsage the Octopode Shapeshifter began the quest for the
                  | Orb.
     0 | D:1      | Reached XP level 1. HP: 13/13 MP: 1/1
   136 | D:1      | Reached XP level 2. HP: 18/18 MP: 2/2
   524 | D:1      | Reached XP level 3. HP: 11/23 MP: 3/3
  1283 | D:2      | Reached XP level 4. HP: 4/28 MP: 4/4
  2044 | D:3      | Noticed Grinder
  2132 | D:3      | HP: 1/28 [Grinder (6)]
  2133 | D:3      | Killed Grinder
  2134 | D:3      | Reached skill level 5 in Unarmed Combat
  2134 | D:3      | Reached XP level 5. HP: 2/33 MP: 5/5
  2134 | D:3      | Reached XP level 6. HP: 2/38 MP: 6/6
  2383 | D:3      | Found a runed translucent gate.
  2383 | D:3      | Found a runed translucent gate.
  2384 | D:3      | Found a runed translucent gate.
  2389 | D:3      | Noticed Dirtsage's ghost (amateur OpSh)
  2493 | D:3      | Found a white marble altar of Elyvilon.
  2713 | D:3      | Noticed DEFE's ghost (weakling DsFi)
  2739 | D:3      | Found a burning altar of Makhleb.
  2739 | D:3      | Found an ancient bone altar of Kikubaaqudgha.
  3322 | D:4      | Reached skill level 5 in Shapeshifting
  3329 | D:4      | Splashed by a jelly's acid

Illustrated notes

Levels and vault maps discovered:
D:1:      dpeg_arrival_ratfight, layout_loops_corners,
          chequers_serial_rivers_micro_a
D:2:      layout_loops_ring, minmay_pentomino_o4
D:3:      layout_basic, elyvilon_altar_3, nicolae_overflow_two_pavilions,
          gammafunk_ghost_cemetery, corexii_leaking_fountain, uniq_grinder
D:4:      layout_rooms, nicolae_overflow_hidden_temple

Skill      XL: |  1  2  3  4  5  6 |
---------------+-------------------+-----
Unarmed Combat | 4 5 |  5.9
Shapeshifting  | 4 5 |  5.0
Fighting       | |  1.0
Dodging        | |  2.0

Action                     |  1- 3 |  4- 6 || total
---------------------------+-------+-------++-------
  Melee: Unarmed           |    88 |    80 ||   168
         Constrict         |    27 |    20 ||    47
         Tentacles         |    14 |    16 ||    30
         Punch             |     6 |     3 ||     9
   Stab: Sleeping          |     9 |     8 ||    17
 Armour: Skin              |    31 |    36 ||    67
  Dodge: Dodged            |    32 |    43 ||    75

Table legend: (Time is in decaauts)
 A = Elapsed time spent in this place.
 B = Non-inter-level travel time spent in this place.
 C = Inter-level travel time spent in this place.
 D = Time resting spent in this place.
 E = Time spent auto-exploring this place.
 F = Levels seen in this place.
 G = Mean time per level.
                   A        B        C        D        E       F      G
               +--------+--------+--------+--------+--------+-----+--------+
         Total |   3315 |   3158 |    157 |    203 |   2427 |   4 |  828.8 |
       Dungeon |   3315 |   3158 |    157 |    203 |   2427 |   4 |  828.8 |
               +--------+--------+--------+--------+--------+-----+--------+

Top non-repeatable levels by time:
     D:1: 1212 daAuts
     D:2: 1088 daAuts
     D:3: 1006 daAuts
     D:4: 9 daAuts
